 Dungeon Crawl Stone Soup version 0.18-a0-1782-gb76a692 (webtiles) character file.

15769 namelastname112 the Summoner (level 12, -10/105 HPs)
             Began as a Purple Draconian Summoner on Apr 17, 2016.
             Was an Elder of Ashenzari.
             Mangled by a hill giant
             ... wielding a +0 giant club
              (44 damage)
             ... on level 13 of the Dungeon.
             The game lasted 00:33:20 (14869 turns).

namelastname112 the Summoner (DrSu)                Turns: 14869, Time: 00:33:21

Health: -10/105    AC: 12    Str: 11    XL:     12   Next: 4%
Magic:  18/25      EV: 16    Int: 19    God:    Ashenzari [****..]
Gold:   818        SH:  5    Dex: 13    Spells: 6 memorised, 14 levels left

rFire  + . .     SeeInvis +     o - +1 dagger (elec) (curse)
rCold  . . .     Gourm    .     (armour unavailable)
rNeg   . . .     Faith    +     O - +0 buckler (curse)
rPois  .         Spirit   .     (helmet restricted)
rElec  .         Dismiss  .     s - +1 cloak
rCorr  .         Reflect  .     g - +1 pair of gloves
SustAt .         Harm     .     (no boots)
MR     +....     Clarity  +     d - amulet of faith
Stlth  ++........               (no ring)
                                r - ring of protection from fire

@: somewhat resistant to hostile enchantments, unstealthy
A: breathe power, unfitting armour, cold-blooded, AC +8
a: Breathe Dispelling Energy, Curse Item, Scrying, Renounce Religion


You were on level 13 of the Dungeon.
You worshipped Ashenzari.
Ashenzari was greatly pleased with you.
You were hungry.

You visited 1 branch of the dungeon, and saw 13 of its levels.
You also visited: Ossuary.

You collected 818 gold pieces.

Inventory:

Hand Weapons
 o - a cursed +1 dagger of electrocution (weapon)
Armour
 g - a +1 pair of gloves (worn)
 s - a +1 cloak (worn)
 O - a cursed +0 buckler (worn)
Jewellery
 d - an amulet of faith (around neck)
 r - a ring of protection from fire (left hand)
 t - an uncursed ring of protection from cold
 H - an uncursed amulet of rage
 K - an uncursed ring of sustain attributes
Wands
 M - a wand of random effects (18/48)
 P - a wand of enslavement (10/24)
 T - a wand of lightning (2/15)
Scrolls
 h - 3 scrolls of teleportation
 i - 4 scrolls of enchant armour
 j - 10 scrolls of identify
 k - 3 scrolls of magic mapping {unknown}
 m - a scroll of noise {unknown}
 n - 3 scrolls of fear {unknown}
 p - 3 scrolls of enchant weapon {unknown}
 v - 2 scrolls of fog {unknown}
 y - 6 scrolls of remove curse
 D - a scroll of immolation {unknown}
 G - a scroll of random uselessness {unknown}
 N - a scroll of torment {unknown}
 Q - 3 scrolls of blinking {unknown}
 W - 3 scrolls of amnesia {unknown}
Potions
 c - a potion of agility
 e - 2 potions of heal wounds
 q - 3 potions of invisibility
 u - 2 potions of magic
 w - 3 potions of curing
 x - 3 potions of might
 z - 4 potions of lignification
 A - a potion of cancellation {unknown}
 B - a potion of berserk rage {unknown}
 C - 2 potions of beneficial mutation {unknown}
 E - 3 potions of degeneration {unknown}
 F - 2 potions of haste
 J - a potion of mutation {unknown}
 S - a potion of flight {unknown}
Books
 a - a book of Callings

   Spells                             Type                      Level
   a - Summon Small Mammal            Summoning                    1
   b - Call Imp                       Summoning                    2
   c - Call Canine Familiar           Summoning                    3
   d - Summon Guardian Golem          Hexes/Summoning              3
   e - Summon Lightning Spire         Summoning/Air                4
   f - Summon Ice Beast               Ice/Summoning                4
 L - a book of the Earth

   Spells                             Type                      Level
   a - Leda's Liquefaction            Hexes/Earth                  4
   b - Bolt of Magma                  Conjuration/Fire/Earth       5
   c - Statue Form                    Transmutation/Earth          6
   d - Iron Shot                      Conjuration/Earth            6
   e - Shatter                        Earth                        9
 U - a book of Annihilations

   Spells                             Type                      Level
   a - Poison Arrow                   Conjuration/Poison           6
   b - Chain Lightning                Conjuration/Air              8
   c - Lehudib's Crystal Spear        Conjuration/Earth            8
   d - Glaciate                       Conjuration/Ice              9
   e - Fire Storm                     Conjuration/Fire             9
 Y - a book of Cantrips

   Spells                             Type                      Level
   a - Corona                         Hexes                        1
   b - Animate Skeleton               Necromancy                   1
   c - Summon Small Mammal            Summoning                    1
   d - Apportation                    Translocation                1
Miscellaneous
 l - a plain deck of summoning {Water, drawn: 2}
 X - a sack of spiders
Comestibles
 b - 10 bread rations
 f - 11 meat rations
 I - 3 slices of pizza
 R - 2 fruits


   Skills:
 + Level 9.4 Fighting
 + Level 6.8(10.3) Short Blades
 + Level 7.5 Dodging
 - Level 1.7 Stealth
 - Level 2.8(4.8) Shields
 + Level 9.2 Spellcasting
 * Level 12.0 Summonings


You had 14 spell levels left.
You knew the following spells:

 Your Spells              Type           Power        Failure   Level  Hunger
a - Call Imp              Summ           ######..     1%          2    None
b - Call Canine Familiar  Summ           ######..     1%          3    None
c - Summon Lightning Spi  Summ/Air       ####....     10%         4    ###....
d - Summon Ice Beast      Ice/Summ       ####....     10%         4    ###....
e - Apportation           Tloc           #.........   10%         1    None
z - Summon Small Mammal   Summ           ####         1%          1    None


Dungeon Overview and Level Annotations

Branches:
Dungeon (13/15)            Temple (0/1) D:5            Lair (0/8) D:10
    Orc (0/2) D:9
 Vaults: D:13-14

Altars:
Ashenzari
Dithmenos
Elyvilon
Fedhas
Gozag
Kikubaaqudgha
Okawaru
Qazlal
Ru
Sif Muna
Vehumet
Xom
Yredelemnul
Zin
The Shining One

Shops:
D:4 %   D:8 }

Annotations:
D:2 Sigmund
D:4 2 runed doors
D:5 sword of coolnes


Innate Abilities, Weirdness & Mutations

You can breathe bolts of dispelling energy.
Your rich purple scales are hard (AC +8).
Your body does not fit into most forms of armour.
You are cold-blooded and may be slowed by cold attacks.


Message History

You kill the steam dragon!
You block the hill giant's attack.
You barely miss the hill giant.
Your lightning spire shoots out a bolt of lightning at the hill giant!
The bolt of electricity hits the hill giant.
You hit the hill giant but do no damage.
The hill giant is lightly wounded.
The hill giant hits you with a giant club!!
You take 23 damage, and have 34/105 hp.
MASSIVE DAMAGE!!
You hit the hill giant but do no damage.
The hill giant is lightly wounded.
Your lightning spire shoots out a bolt of lightning at the hill giant!
The bolt of electricity hits the hill giant.
You hit the hill giant.
The hill giant is moderately wounded.
You hit the hill giant.
There is a sudden explosion of sparks!
You tail-slap the hill giant.
The hill giant is severely wounded.
The hill giant hits you with a giant club!!!
You die...

≈≈≈≈≈≈≈≈≈.......# ..........#
#######≈≈≈≈.....##*..........#
,, #≈≈≈≈≈.....#*..........# ,
, ,#≈≈≈≈≈≈....# ,.........#
,,,,, ##≈≈≈≈≈≈...## , , , * ,
, ,##≈≈≈≈≈....# , , , ,, , *,
,,####≈≈≈...# ,,,, , , ,** * ,
, #≈≈≈...#,,,,, ,, ** *, , ,
#≈≈≈≈@8# ,,, * **, ***
,#≈≈≈≈C.# , , , * ,**
#≈≈≈≈..#,, , * , * ,#≈≈≈...# ,
, * * , #≈≈≈.).#,, ,, , ** ,,
#≈≈....# ,,, , ,* ,, , ,
≈≈≈≈....# * * , , * ≈≈≈≈....##
,,, , ≈ ≈≈≈?....#


You could see a hill giant and a friendly lightning spire.

Vanquished Creatures
  2 hydras (D:13)
  Erica (D:8)
  4 unseen horrors
  A hill giant (D:11)
  A griffon (D:13)
  A centaur zombie (D:13)
  2 gargoyles
  A troll (D:9)
  Grinder (D:4)
  A spriggan (D:8)
  2 wraiths
  A steam dragon (D:13)
  2 hippogriffs
  3 water moccasins
  An ice beast (D:12)
  9 orc warriors
  2 phantoms
  A sky beast (D:9)
  An eye of draining (D:13)
  A necrophage (D:11)
  5 ogres
  8 centaurs
  3 big kobolds
  5 giant frogs
  A wyvern zombie (D:10)
  A water moccasin zombie (D:10)
  A gnoll sergeant (D:5)
  A scorpion (D:4)
  A wyvern skeleton (D:13)
  8 killer bees (D:10)
  5 wights
  2 howler monkeys
  A giant frog zombie (D:6)
  5 crimson imps
  7 orc priests
  3 centaur skeletons
  5 hounds
  7 orc wizards
  4 jellies
  2 giant frog skeletons
  An iguana (D:4)
  7 worker ants
  A hound skeleton (D:6)
  A mummy (Ossuary)
  A howler monkey zombie (D:5)
  2 worker ant zombies
  4 adders
  2 shadow imps
  2 adder zombies (D:5)
  2 worms
  2 dart slugs
  3 giant geckos
  24 orcs
  3 ball pythons
  A giant cockroach (D:8)
  5 goblins
  3 hobgoblins
  8 jackals
  A quokka (D:11)
  3 bats
  2 giant newts
  6 gnoll skeletons (Ossuary)
  2 gnoll zombies (Ossuary)
  A goblin skeleton (Ossuary)
  5 goblin zombies (Ossuary)
  5 hobgoblin skeletons (Ossuary)
  3 hobgoblin zombies (Ossuary)
  2 jackal skeletons
  8 kobolds
  A kobold skeleton (Ossuary)
  2 kobold zombies (Ossuary)
  An orc skeleton (Ossuary)
  2 orc zombies (Ossuary)
  4 rats
  3 rat skeletons (Ossuary)
  4 rat zombies (Ossuary)
240 creatures vanquished.

Vanquished Creatures (collateral kills)
  A hydra (D:12)
  The ghost of barb4r1an the Fighter, a novice HOFi of Okawaru (D:10)
  2 hill giants
  Pikel (D:6)
  2 cyclopes
  Psyche (D:8)
  A wyvern (D:11)
  2 hippogriffs
  A steam dragon (D:7)
  2 hungry ghosts
  Menkaure (Ossuary)
  A water moccasin (D:8)
  5 orc warriors
  2 ogres
  3 centaurs
  A big kobold (D:8)
  3 gnoll sergeants (D:5)
  A scorpion (D:4)
  5 killer bees (D:10)
  The ghost of namelastname112 the Caller, a weakling DrSu of Ashenzari (D:3)
  A wight (D:5)
  An electric eel (D:13)
  A giant frog zombie (D:12)
  A howler monkey (D:13)
  A jelly (D:8)
  2 crimson imps
  5 centaur zombies
  A quasit (D:5)
  2 hounds
  8 orc priests
  7 orc wizards
  Crazy Yiuf (D:2)
  A giant frog skeleton (D:9)
  Jessica (D:2)
  4 sheep (D:9)
  A mummy (Ossuary)
  A worker ant zombie (D:8)
  3 gnolls (D:2)
  9 adders
  3 dart slugs
  A giant gecko (D:3)
  44 orcs
  6 bats
  2 goblins
  2 hobgoblins
  A jackal (D:1)
  8 kobolds
  A quokka (D:6)
  4 giant newts
  2 goblin skeletons (Ossuary)
  A kobold zombie (Ossuary)
  2 rats (D:3)
165 creatures vanquished.

Vanquished Creatures (others)
  A jelly (D:6)
  An orc wizard (D:6)
  An orc priest (D:6)
  A mummy (Ossuary)
  An orc (D:3)
  2 gnoll zombies (Ossuary)
  2 gnoll skeletons (Ossuary)
  A goblin zombie (Ossuary)
  A hobgoblin skeleton (Ossuary)
  A kobold skeleton (Ossuary)
  2 kobold zombies (Ossuary)
  An orc skeleton (Ossuary)
  An orc zombie (Ossuary)
  A rat skeleton (Ossuary)
17 creatures vanquished.

Grand Total: 422 creatures vanquished

Notes
Turn   | Place    | Note
--------------------------------------------------------------
     0 | D:1      | namelastname112 the Draconian Summoner began the quest for the Orb.
     0 | D:1      | Reached XP level 1. HP: 14/14 MP: 3/3
   240 | D:1      | You fall through a shaft!
   342 | D:2      | Reached XP level 2. HP: 13/22 MP: 1/5
   468 | D:2      | Learned a level 2 spell: Call Imp
   679 | D:2      | Noticed Sigmund
   821 | D:2      | Found a shadowy altar of Dithmenos.
   822 | D:2      | Found a shattered altar of Ashenzari.
   822 | D:2      | Found a shimmering altar of Xom.
   822 | D:2      | Found a sacrificial altar of Ru.
   823 | D:2      | Found a glowing silver altar of Zin.
   830 | D:2      | Became a worshipper of Ashenzari the Shackled
   878 | D:2      | Found a blossoming altar of Fedhas.
   983 | D:2      | Noticed Jessica
   999 | D:2      | Killed Jessica
   999 | D:2      | Reached skill level 1 in Fighting
   999 | D:2      | Reached XP level 3. HP: 28/28 MP: 4/6
  1019 | D:2      | Learned a level 3 spell: Call Canine Familiar
  1566 | D:1      | crauler: давай
  1569 | D:2      | crauler: д1 ашен
  1678 | D:2      | namelastname112: д2
  1678 | D:2      | namelastname112: я в шафт упал
  1705 | D:2      | crauler: тоже норм
  1723 | D:2      | Reached XP level 4. HP: 29/35 MP: 1/7
  1767 | D:2      | Found an iron altar of Okawaru.
  1974 | D:2      | Noticed a giant frog
  2087 | D:2      | Killed a giant frog
  2087 | D:2      | Reached skill level 5 in Summonings
  2376 | D:2      | Noticed Crazy Yiuf
  2453 | D:2      | Killed Crazy Yiuf
  2453 | D:2      | Reached XP level 5. HP: 41/41 MP: 0/8
  2703 | D:3      | Found a glowing golden altar of the Shining One.
  2708 | D:3      | Found a basalt altar of Yredelemnul.
  2882 | D:3      | Noticed a profane servitor
  3225 | D:3      | Found a sacrificial altar of Ru.
  3262 | D:3      | Noticed namelastname112's ghost (weakling DrSu)
  3289 | D:3      | Killed namelastname112's ghost
  3570 | D:3      | Noticed an angel
  3664 | D:4      | Found a large runed door.
  3664 | D:4      | Found a large runed door.
  3690 | D:4      | Found a large runed door.
  3710 | D:4      | Found Puekoxiv's Food Boutique.
  3755 | D:4      | Found a stormy altar of Qazlal.
  3755 | D:4      | Noticed Grinder
  3809 | D:4      | Killed Grinder
  3809 | D:4      | Reached skill level 6 in Summonings
  3809 | D:4      | Reached XP level 6. HP: 34/51 MP: 0/10
  3972 | D:4      | Found a large runed door.
  4308 | D:4      | Noticed a hippogriff
  4326 | D:4      | thx 2
  4334 | D:4      | Killed a hippogriff
  4334 | D:4      | Your scales start taking on a rich purple colour.
  4334 | D:4      | Reached XP level 7. HP: 23/57 MP: 5/13
  4702 | D:4      | Found a radiant altar of Vehumet.
  4791 | D:4      | Identified Bearr's Volume of Congealing Clay
  4841 | D:5      | Entered Level 5 of the Dungeon
  4925 | D:5      | Found a sand-covered staircase.
  4934 | Ossuary  | Entered an ossuary
  5214 | Ossuary  | Noticed Menkaure
  5242 | Ossuary  | Killed Menkaure
  5253 | Ossuary  | Reached skill level 7 in Summonings
  5365 | D:5      | crauler: хитрый менкауре
  5409 | D:5      | Reached XP level 8. HP: 49/66 MP: 10/15
  5422 | D:5      | Reached skill level 5 in Spellcasting
  5486 | D:5      | namelastname112: недостаточно хитрый
  5486 | D:5      | namelastname112: раз соснул
  5491 | D:5      | Learned a level 4 spell: Summon Lightning Spire
  5564 | D:5      | crauler: курсить пока не будешь ничего?
  5999 | D:5      | Reached skill level 5 in Fighting
  6189 | D:5      | crauler: третий сержант уже
  6189 | D:5      | namelastname112: даггер можно
  6189 | D:5      | namelastname112: да там волт
  6189 | D:5      | namelastname112: с мечом в камне
  6189 | D:5      | namelastname112: отвечаю
  6194 | D:5      | crauler: я бы бронь закурсил
  6199 | D:5      | Identified the +7 double sword of Truth {vamp, rF+ Str+4 Dex+2}
  6221 | D:5      | Reached skill level 8 in Summonings
  6225 | D:5      | crauler: мммм
  6225 | D:5      | namelastname112: нихуясе
  6225 | D:5      | namelastname112: норм такой меч
  6225 | D:5      | namelastname112: только аппорт надо
  6279 | D:5      | Found a staircase to the Ecumenical Temple.
  6320 | D:5      | Reached * piety under Ashenzari
  6323 | D:5      | crauler: заметку то
  6369 | D:5      | Found a white marble altar of Elyvilon.
  6896 | D:6      | Noticed Pikel
  6905 | D:6      | Killed Pikel
  6905 | D:6      | Reached skill level 1 in Short Blades
  7047 | D:6      | epen: Жаль, что не моттлед
  7323 | D:6      | Reached XP level 9. HP: 63/75 MP: 17/17
  7502 | D:6      | crauler: это конечно крайне ускоряет процесс, но все равно непривычно без спецэффектов
  7637 | D:6      | crauler: хрен поймешь когда шпиль пердит, а когда тупит просто
  7720 | D:6      | namelastname112: в логе написано ж
  7795 | D:7      | Found an ancient bone altar of Kikubaaqudgha.
  7809 | D:7      | crauler: быстро табаешь
  7845 | D:7      | Reached ** piety under Ashenzari
  7906 | D:7      | crauler: букля
  8073 | D:7      | Reached skill level 9 in Summonings
  8182 | D:7      | Reached skill level 5 in Dodging
  8462 | D:8      | Reached skill level 1 in Shields
  8745 | D:8      | Noticed Psyche
  8772 | D:8      | Killed Psyche
  9173 | D:8      | crauler: жаке
  9404 | D:8      | jacquesderrida: краулирн............
  9434 | D:8      | jacquesderrida: Карликовый мемер
  9445 | D:8      | Killed an unseen horror
  9445 | D:8      | Reached XP level 10. HP: 45/84 MP: 8/20
  9564 | D:8      | jacquesderrida: Новое слово в биологии
  9572 | D:8      | Found a deep blue altar of Sif Muna.
  9573 | D:8      | Found Zacrymmoe's Gadget Shoppe.
  9710 | D:8      | crauler: и генетике
  9712 | D:8      | jacquesderrida: оче маленьки мемир
  9850 | D:8      | Noticed Erica
  9879 | D:8      | jacquesderrida: Новейшее предложение в евгенике
  9887 | D:8      | Killed Erica
 10016 | D:8      | jacquesderrida: Свежайший абзац во френологии...
 10091 | D:9      | Reached skill level 10 in Summonings
 10273 | D:9      | Found a staircase to the Orcish Mines.
 10537 | D:9      | Noticed a cyclops
 10545 | D:9      | Killed a cyclops
 10607 | D:9      | Learned a level 4 spell: Summon Ice Beast
 10920 | D:9      | Found an opulent altar of Gozag.
 10933 | D:9      | Reached *** piety under Ashenzari
 11100 | D:10     | Entered Level 10 of the Dungeon
 11129 | D:10     | Noticed barb4r1an's ghost (novice HOFi)
 11129 | D:10     | crauler: и хренологии тоже
 11145 | D:10     | Killed barb4r1an's ghost
 11350 | D:10     | Noticed a hill giant
 11370 | D:10     | Killed a hill giant
 11370 | D:10     | Reached skill level 5 in Short Blades
 11582 | D:10     | Found a staircase to the Lair.
 12091 | D:10     | Reached XP level 11. HP: 81/94 MP: 20/22
 12092 | D:10     | crauler: шпиль тебя транклюкирвать не может?
 12163 | D:10     | namelastname112: не
 12163 | D:10     | namelastname112: он не будет стрелять
 12163 | D:10     | namelastname112: если ты на линии стоишь
 12568 | D:11     | Reached **** piety under Ashenzari
 12718 | D:11     | Noticed a hill giant
 12733 | D:11     | Killed a hill giant
 12836 | D:11     | Noticed an unseen horror
 12849 | D:11     | Killed an unseen horror
 12849 | D:11     | Reached skill level 11 in Summonings
 12998 | D:12     | Noticed an unseen horror
 13008 | D:12     | Killed an unseen horror
 13267 | D:12     | crauler: шпиль то тащит, я смотрю
 13329 | D:12     | namelastname112: да
 13329 | D:12     | namelastname112: вообще лучший спелл в книге
 13329 | D:12     | namelastname112: может тебя через лейр как нехуй пронести
 13342 | D:12     | crauler: а то при разговоре о суммонах обычно начинаю с айс бистов
 13344 | D:12     | Learned a level 1 spell: Apportation
 13527 | D:12     | Noticed a six-headed hydra
 13548 | D:12     | Killed a six-headed hydra
 13731 | D:12     | Noticed a hill giant
 13732 | D:12     | crauler: *начинают
 13752 | D:12     | Killed a hill giant
 13753 | D:12     | namelastname112: они не такие крутые
 14178 | D:13     | Noticed a six-headed hydra
 14457 | D:13     | Killed a six-headed hydra
 14649 | D:13     | jacquesderrida: СПС КРАУЛИР
 14703 | D:13     | Noticed a five-headed hydra
 14712 | D:13     | Killed a five-headed hydra
 14764 | D:13     | Noticed an unseen horror
 14769 | D:13     | Killed an unseen horror
 14799 | D:13     | Noticed a griffon
 14811 | D:13     | Killed a griffon
 14811 | D:13     | Reached skill level 12 in Summonings
 14811 | D:13     | Reached XP level 12. HP: 55/105 MP: 17/25
 14869 | D:13     | Mangled by a hill giant

Vault maps used:
D:1:      co_arrival_square_in_a_square_in_a_square, minivault_27
D:2:      okawaru_altar_gauntlet_db, nicolae_overflow_crystal_walls, minitemple,
          uniq_crazy_yiuf_cottage, uniq_jessica, uniq_sigmund
D:3:      grunt_temple_overflow_holy_war, nicolae_ru_sacrificial_ziggurat
D:4:      nicolae_qazlal_general_emergency, overflow_temple_1_default,
          serial_shops, shop, minmay_misc_feat_four_crosses,
          minmay_hollow_rounded_squares, uniq_grinder
D:5:      minmay_temple_entry_nine_rooms, lightli_ossuary_entry_decrepit_ruins,
          first_bread, basic_altar, sword_in_stone
D:6:      roderic_malta_cross, uniq_pikel
D:7:      kiku_gazebo_garden_becter
D:8:      serial_shops, shop, basic_altar, the_bakery, uniq_erica, uniq_psyche
D:9:      lemuel_doored_altar, david_orc_4
D:10:     lair_0_dummy
D:13:     cross_vault
Ossuary:  ossuary_due_pyramid

Skill      XL: |  1  2  3  4  5  6  7  8  9 10 11 |
---------------+----------------------------------+-----
Dodging        | 2 3 4 5 6 7 |  7.5
Fighting       | 1 3 4 5 6 8 9 |  9.4
Summonings     | 5 6 7 8 9 10 12 | 12.0
Spellcasting   | 3 4 5 6 7 9 |  9.2
Short Blades   | 1 3 5 6 |  6.8
Shields        | 2 |  2.8
Stealth        | |  1.7

Action                   |  1- 3 |  4- 6 |  7- 9 | 10-12 || total
-------------------------+-------+-------+-------+-------++-------
Melee: Unarmed           |    26 |       |       |       ||    26
       Dagger            |    94 |   236 |   405 |   574 ||  1309
       Tailslap          |     3 |    13 |    47 |    61 ||   124
 Cast: Summon Small Mamm |     9 |     1 |       |       ||    10
       Call Imp          |    22 |    40 |    23 |     3 ||    88
       Call Canine Famil |     1 |    10 |     5 |     3 ||    19
       Summon Lightning  |       |       |    23 |    46 ||    69
       Summon Ice Beast  |       |       |       |    35 ||    35
Invok: Curse Item        |       |       |     2 |       ||     2
 Abil: Breathe Dispellin |       |       |     4 |       ||     4
Evoke: Deck              |       |       |     2 |       ||     2
       Wand              |       |       |     1 |       ||     1
  Use: Scroll            |     4 |     1 |     7 |       ||    12
       Potion            |       |       |     3 |       ||     3
 Stab: Sleeping          |     2 |     4 |       |     3 ||     9
       Distracted        |       |     1 |     8 |     7 ||    16
       Invisible         |       |       |     1 |       ||     1
  Eat: Chunk             |     4 |     7 |    19 |    25 ||    55
       Beef jerky        |       |     1 |       |       ||     1
       Royal jelly       |       |     1 |     1 |     1 ||     3
       Fruit             |       |     2 |       |       ||     2
       Meat ration       |       |       |       |     1 ||     1
Armor: Skin              |    60 |   103 |   130 |   125 ||   418
Dodge: Dodged            |   116 |   164 |   243 |   286 ||   809
Block: Buckler           |       |       |    15 |    90 ||   105
